 Dungeon Crawl Stone Soup version 0.29-a0-838-g385bb11a5b (webtiles) character file.

Game seed: 5150744655704318122

151 zeratav the Stinger (level 5, -4/31 HPs)
             Began as an Octopode Venom Mage on July 13, 2022.
             Killed from afar by an orc wizard (5 damage)
             ... with a magic dart
             ... on level 3 of the Dungeon.
             The game lasted 00:04:13 (2084 turns).

zeratav the Stinger (Octopode Venom Mage)           Turns: 2084, Time: 00:04:13

Health: -4/31      AC:  1    Str:  7    XL:     5   Next: 33%
Magic:  8/8        EV: 13    Int: 20    God:
Gold:   70         SH:  0    Dex: 12    Spells: 7/8 levels left

rFire   . . .      SeeInvis .   f - +2 dagger (protect) {short}
rCold   . . .      Faith    .   (no shield)
rNeg    . . .      Spirit   .   (helmet restricted)
rPois   .          Reflect  .   (no amulet)
rElec   .          Harm     .   d - ring of resist corrosion
rCorr   +          Rampage  .   (no ring)
Will    .....                   (no ring)
Stlth   ++++......              (no ring)
HPRegen 0.10/turn               (no ring)
MPRegen 0.11/turn               (no ring)
                                (no ring)
                                (no ring)

@: no status effects
A: almost no armour, amphibious, 8 rings, camouflage 1, gelatinous body 1,
(nimble swimmer 1), tentacles
a: no special abilities


You were on level 3 of the Dungeon.
You visited 1 branch of the dungeon, and saw 3 of its levels.

You collected 70 gold pieces.


Innate Abilities, Weirdness & Mutations

You cannot wear most types of armour.
You are amphibious.
You can wear up to eight rings at the same time.
Your skin changes colour to match your surroundings (Stealth+).
Your rubbery body absorbs attacks. (AC +1, EV +1)
((You are camouflaged when in or above water. (Stealth+)))
You have tentacles for arms and can constrict up to eight enemies at once.


   Skills:
 - Level 2.0 Dodging
 - Level 5.0 Stealth
 - Level 2.0 Spellcasting
 - Level 1.0 Transmutations
 + Level 6.1 Poison Magic


You had 7 spell levels left.
You knew the following spells:

 Your Spells              Type           Power      Damage    Failure   Level
a - Sting                 Tmut/Pois      64%        1d6       3%          1

Your spell library contained the following spells:

 Spells                   Type           Power      Damage    Failure   Level
 Poisonous Vapours        Pois/Air       28%        N/A       7%          2
 Olgreb's Toxic Radiance  Pois           26%        N/A       13%         4
 Necrotise                Necr           8%         1d4       16%         1
 Mephitic Cloud           Conj/Pois/Air  10%        N/A       21%         3
 Call Imp                 Summ           2%         N/A       24%         2
 Vampiric Draining        Necr           2%         2d6       43%         3
 Agony                    Necr           2%         N/A       99%         5
 Summon Hydra             Summ           1%         N/A       100%        7
 Animate Armour           Summ/Erth      Unusable   N/A       N/A         4

Inventory:

Hand Weapons
 f - a +2 dagger of protection (weapon) {short}
   (You found it on level 1 of the Dungeon)
 q - a +1 short sword of protection {short}
   (You took it off Terence on level 2 of the Dungeon)
Armour
 i - a +0 tower shield
   (You found it on level 2 of the Dungeon)
Jewellery
 d - a ring of resist corrosion (left tentacle)
   (You found it on level 1 of the Dungeon)
Scrolls
 c - 5 scrolls of teleportation {unknown}
 e - a scroll of brand weapon {unknown}
 g - 2 scrolls of poison {unknown}
 j - 5 scrolls of identify {unknown}
 l - a scroll of immolation {unknown}
 m - a scroll of summoning {unknown}
 o - a scroll of noise {unknown}
 p - a scroll of silence {unknown}
 r - a scroll of magic mapping {unknown}
Potions
 a - a potion of magic
 b - a potion of resistance {unknown}
 h - a potion of curing {unknown}
 k - 2 potions of heal wounds {unknown}
 n - 6 potions of attraction {unknown}
 s - 2 potions of mutation {unknown}

Dungeon Overview and Level Annotations

Branches:
Dungeon (3/15) Zot: 15911

Altars:
Cheibriados
Trog

Shops:
D:2

( ...#
#.#.......####
....
#............#
....
###.....oo##.#
.... ##...o{###.#
###.# #.....# #.#
#.# #.....###.#
#.# #......##.#
#)# ##..._....#
#.# #...)@#### #.#
#........# ###.#
#.######.######.#
....##### #.#
#........#
###.....# #.#
############
###.##..#
#.#####..........#
...###..#
#...........####.#
#.## #..#
#######.###.# #.#
...###..##### #.#
#.# #.#


You could see 2 orcs.


Message History

You hit the giant cockroach. You grab the giant cockroach.
You squeeze the giant cockroach.
You kill the giant cockroach!
No target in view!
No target in view!
No target in view!
No target in view!
No target in view!
s - 2 sapphire potions (gained 1)
You now have 56 gold pieces (gained 4).
n - 6 bubbling coppery potions (gained 1)
You now have 70 gold pieces (gained 14).
You see here a +0 sling.
c - 5 scrolls labelled NUIJIDWE NEGO (gained 1) Key pressed, stopping explore.
An endoplasm comes into view.
Found a snail-covered altar of Cheibriados.
An endoplasm is nearby!
An endoplasm is nearby!
An endoplasm is nearby!
The endoplasm quivers.
You hit the endoplasm but do no damage.
Your weapon exudes an aura of protection.
You squeeze the endoplasm.
You kill the endoplasm!
No target in view!
No target in view!
No target in view!
No target in view!
No target in view!
There is a snail-covered altar of Cheibriados here.
g - 2 scrolls labelled VEETWA BADO (gained 1)
An orc comes into view. It is wielding a +0 short sword.
An orc is nearby!
An orc is nearby!
An orc comes into view.
It is wielding a +0 flail and wearing a +0 ring mail of fire resistance.
An orc wizard comes into view. It is wielding a +0 dagger.
An orc comes into view. It is wielding a +1 mace of protection.
The orc shouts!
The orc misses you.
The orc wizard gestures wildly while chanting.
The orc wizard flickers and vanishes!
Deactivating autopickup; reactivate with Ctrl-A.
You barely miss the orc.
The orc shouts!
You grab the orc. You squeeze the orc.
You constrict the orc, but do no damage.
You hit the orc.
Your weapon exudes an aura of protection.
You constrict the orc.
You kill the orc!
You hear some strange, mumbled words.
A puff of flame appears from out of thin air!
The puff of flame hits you! The orc closely misses you.
HP[-12]
You take 12 damage, and now have 19/31 hp.
MASSIVE DAMAGE!! (PAUSE)
You hit the orc. Your grab misses the orc. The orc barely misses you.
The orc hits you with a +0 flail!
* * * LOW HITPOINT WARNING * * *
HP[-8]
You take 8 damage, and now have 11/31 hp.
MASSIVE DAMAGE!! (PAUSE)
You are too injured to fight recklessly!
You are too injured to fight recklessly!
You are too injured to fight recklessly!
You are too injured to fight recklessly!
You hit the orc but do no damage. Your grab misses the orc.
You squeeze the orc, but do no damage. Something completely misses you.
An orc comes into view. It is wielding a +0 club.
The orc closely misses you. The orc barely misses you.
You hit the orc. Your grab misses the orc.
You squeeze the orc, but do no damage. Something barely misses you.
The orc closely misses you. The orc hits you with a +0 flail!
* * * LOW HITPOINT WARNING * * *
HP[-7]
You take 7 damage, and now have 4/31 hp.
MASSIVE DAMAGE!! (PAUSE)
You hit the orc but do no damage. You grab the orc.
You constrict the orc, but do no damage.
Something hits you.
* * * LOW HITPOINT WARNING * * *
The orc hits you but does no damage. x2
HP[-1]
You take 1 damage, and now have 3/31 hp.
You hit the orc. You constrict the orc. Something hits you but does no damage.
The orc hits you but does no damage. x2; The orc hits you with a +0 flail.
* * * LOW HITPOINT WARNING * * *
HP[-1]
You take 1 damage, and now have 2/31 hp.
Okay, then.
Okay, then.
You release your grip on the orc.
Something hits you.
* * * LOW HITPOINT WARNING * * *
The orc barely misses you.
HP[-1]
You take 1 damage, and now have 1/31 hp.
A magic dart appears from out of thin air!
The magic dart hits you.
You die...

Skill      XL: |  1  2  3  4  5 |
---------------+----------------+-----
Stealth        | 3 4 5 |  5.0
Poison Magic   | 4 5 6 |  6.1
Dodging        | |  2.0
Spellcasting   | |  2.0
Transmutations | |  1.0

Action                   |  1- 3 |  4- 6 || total
-------------------------+-------+-------++-------
Melee: Dagger            |    24 |    71 ||    95
       Tentacles         |     4 |    23 ||    27
       Constrict         |     4 |    16 ||    20
       Punch             |     1 |       ||     1
 Fire: Sling             |    14 |       ||    14
 Cast: Sting             |     4 |       ||     4
 Stab: Sleeping          |    10 |    13 ||    23
Armor: Skin              |     3 |    10 ||    13
Dodge: Dodged            |    13 |    34 ||    47

Levels and vault maps discovered:
D:1:      co_arrival_random_square_maze, layout_loops_ring,
          chequers_ecumenical_altar_simple, amcnicky_mini_pool_small
D:2:      layout_rooms, basic_altar, serial_shops, nicolae_shop_window_shopping,
          grunt_ministairs_4, skrybe_limestone_x, minmay_pentomino_w2,
          uniq_terence
D:3:      layout_loops_ring, cheibriados_altar_1, minmay_strange_pillars

Notes
Turn   | Place    | Note
-------+----------+-------------------------------------------
     0 | D:1      | zeratav the Octopode Venom Mage began the quest for the
                  | Orb.
     0 | D:1      | Reached XP level 1. HP: 11/11 MP: 3/3
     0 | D:1      | magus.rc [v1.9.6]
    69 | D:1      | Found a faded altar of an unknown god.
    75 | D:1      | Reached skill level 3 in Stealth
    83 | D:1      | Reached XP level 2. HP: 10/17 MP: 0/5
   241 | D:1      | Reached skill level 4 in Poison Magic
   546 | D:1      | You pick up a book of Necromancy and begin reading...
   546 | D:1      | You add the spells Necrotise, Vampiric Draining and Agony
                  | to your library.
   873 | D:2      | Reached XP level 3. HP: 21/21 MP: 6/6
   878 | D:2      | Reached skill level 4 in Stealth
   882 | D:2      | You add the spells Call Imp and Summon Hydra to your
                  | library.
   882 | D:2      | Got the Quarto of the Entourage
   925 | D:2      | Reached XP level 4. HP: 27/27 MP: 7/7
   936 | D:2      | Reached skill level 5 in Poison Magic
   958 | D:2      | Found a bloodstained altar of Trog.
  1044 | D:2      | Reached skill level 5 in Stealth
  1328 | D:2      | Found Peddy's Antique Weapon Boutique.
  1331 | D:2      | Noticed Terence
  1347 | D:2      | Killed Terence
  1348 | D:2      | Reached XP level 5. HP: 27/31 MP: 8/8
  1758 | D:3      | Reached skill level 6 in Poison Magic
  2034 | D:3      | Found a snail-covered altar of Cheibriados.
  2074 | D:3      | HP: 4/31 [orc/+0 flail (7)]
  2077 | D:3      | HP: 1/31 [something (1)]
  2084 | D:3      | Killed from afar by an orc wizard

Vanquished Creatures
  Terence (D:2)
  An orc wizard (D:2)
  3 adders
  3 worms
  2 dart slugs (D:1)
  3 orcs
  3 bats (D:2)
  6 endoplasms
  3 giant cockroaches
  4 goblins
  9 hobgoblins
  5 kobolds
  2 quokkas (D:2)
  6 ball pythons
  2 frilled lizards
  3 rats
56 creatures vanquished.

Table legend:
 A = Non-vault XP
 B = Vault XP
 C = Vault XP percentage of total XP
 D = Non-vault monster count
 E = Vault monster count
 F = Vault count percentage of total count
                 A         B        C        D         E       F
            +---------+---------+-------+---------+---------+-------
      Total |     119 |      97 |  44.9 |      49 |       7 |  12.5
            +---------+---------+-------+---------+---------+-------
        D:1 |      33 |       0 |   0.0 |      16 |       0 |   0.0
        D:2 |      49 |      97 |  66.4 |      22 |       7 |  24.1
        D:3 |      37 |       0 |   0.0 |      11 |       0 |   0.0
            +---------+---------+-------+---------+---------+-------

Illustrated notes

Table legend:
 A = Kills in this place as a percentage of kills in entire the game.
 B = Kills by you in this place as a percentage of kills by you in the entire game.
 C = Kills by friends in this place as a percentage of kills by friends in the entire game.
 D = Other kills in this place as a percentage of other kills in the entire game.
 E = Experience gained in this place as a percentage of experience gained in the entire game.
 F = Experience gained in this place divided by the number of levels of this place that you have seen.
                   A       B       C       D       E      F
               +-------+-------+-------+-------+-------+----------------------
         Total | 100.0 | 100.0 |   N/A |   N/A | 100.0 |  72.0
       Dungeon | 100.0 | 100.0 |   N/A |   N/A | 100.0 |  72.0
               +-------+-------+-------+-------+-------+----------------------

Table legend: (Time is in decaauts)
 A = Elapsed time spent in this place.
 B = Non-inter-level travel time spent in this place.
 C = Inter-level travel time spent in this place.
 D = Time resting spent in this place.
 E = Time spent auto-exploring this place.
 F = Levels seen in this place.
 G = Mean time per level.
                   A        B        C        D        E       F      G
               +--------+--------+--------+--------+--------+-----+--------+
         Total |   2087 |   2059 |     28 |    143 |   1558 |   3 |  695.7 |
       Dungeon |   2087 |   2059 |     28 |    143 |   1558 |   3 |  695.7 |
               +--------+--------+--------+--------+--------+-----+--------+

Top non-repeatable levels by time:
     D:1: 875 daAuts
     D:2: 642 daAuts
     D:3: 569 daAuts
